 Dungeon Crawl Stone Soup version 0.31.0-32-g396128a36d (webtiles) character file.

Game seed: 6748627326115412006

278 601d51SH the Chopper (level 6, -3/56 HPs)
             Began as a Hill Orc Cinder Acolyte on Apr 3, 2024.
             Was a High Priest of Ignis.
             Slain by a +2 spectral club (4 damage)
             ... created by Ijyb
             ... on level 3 of the Dungeon.
             The game lasted 00:04:51 (2283 turns).

601d51SH the Chopper (Hill Orc Cinder Acolyte)      Turns: 2283, Time: 00:04:53

Health: -3/56      AC:  7    Str: 19    XL:     6   Next: 26%
Magic:  9/9        EV: 17    Int: 14    God:    Ignis [*****.]
Gold:   83         SH:  0    Dex:  6    Spells: 9/9 levels left

rFire   + . .        a - -1 hand axe (flame)
rCold   . . .        (no shield)
rNeg    . . .        m - +0 chain mail
rPois   .            (no helmet)
rElec   .            (no cloak)
rCorr   .            n - +0 pair of gloves
SInv    .            r - +1 pair of boots
Will    .....        (no amulet) Stlth
                     k - ring of flight
HPRegen 0.29/turn    s - ring of the Hare {EV+10}
MPRegen 0.11/turn

%: no passive effects
@: corroded, flying
A: no striking features
a: Renounce Religion, Fiery Armour, Foxfire Swarm, Rising Flame


You were on level 3 of the Dungeon.
You worshipped Ignis.
Ignis was extremely pleased with you.
You visited 1 branch of the dungeon, and saw 3 of its levels.

You collected 83 gold pieces.

Inventory:

Hand Weapons
 a - a -1 hand axe of flaming (weapon)
 t - a +4 dagger
Missiles
 l - 4 atropa-tipped darts (quivered)
Armour
 b - a +0 robe
 c - a +0 leather armour
 m - a +0 chain mail (worn)
 n - a +0 pair of gloves (worn)
 r - a +1 pair of boots (worn)
 u - a +0 robe of willpower
Jewellery
 k - a ring of flight (left hand)
 s - the ring of the Hare (right hand) {EV+10}
   (You found it on level 3 of the Dungeon)

   [ring of evasion]

   EV+10:     It affects your evasion (+10).
Scrolls
 d - 3 scrolls of identify {unknown}
 f - 2 scrolls of vulnerability {unknown}
 j - 2 scrolls of teleportation {unknown}
 p - a scroll of enchant armour {unknown}
 q - a scroll of poison {unknown}
Potions
 e - 2 potions of curing {unknown}
 g - a potion of invisibility {unknown}
 h - 3 potions of attraction {unknown}
 i - a potion of haste {unknown}
 o - a potion of resistance {unknown}


   Skills:
 - Level 5.0 Fighting
 + Level 6.0 Axes
 - Level 2.3 Spellcasting
 - Level 4.6 Fire Magic


You had 9 spell levels left.
You didn't know any spells.
Your spell library contained the following spells:

 Spells                   Type           Power      Damage    Failure   Level
 Scorch                   Fire           28%        2d6       45%         2
 Apportation              Tloc           2%         N/A       93%         1
 Necrotise                Necr           4%         1d4       93%         1
 Slow                     Hex            4%         N/A       93%         1
 Sting                    Conj/Alch      4%         1d3       93%         1
 Summon Small Mammal      Summ           4%         N/A       93%         1
 Confusing Touch          Hex            1%         N/A       100%        3
 Sigil of Binding         Hex            1%         N/A       100%        3
 Vampiric Draining        Necr           1%         2d6       100%        3
 Cause Fear               Hex            0%         N/A       100%        4
 Fireball                 Conj/Fire      4%         3d4       100%        5
 Dragon's Call            Summ           0%         N/A       100%        9


Dungeon Overview and Level Annotations

Branches:
Dungeon (3/15)

Altars:
Ru

Shops:
D:2 :

Annotations:
D:3 Ijyb


Message History

* * * LOW HITPOINT WARNING * * *
Okay, then.
Throw: 6 darts (atropa)
Press: ? - help, Q - select action Shift-Dir - straight line, f - Ijyb
Aim: Ijyb, wielding a +2 spectral club, wearing a +0 leather armour and carrying a wand of acid (heavily wounded, 40% to hit, chance to blind on hit: 75%)
You throw an atropa-tipped dart. The atropa-tipped dart hits Ijyb.
Ijyb appears confused.
Ijyb is heavily wounded.
You hit Ijyb. You burn Ijyb.
Ijyb is heavily wounded.
Ijyb seems less confused.
Ijyb closely misses you. The +2 spectral club barely misses you.
A +2 spectral club comes into view.
You hit Ijyb but do no damage.
Ijyb is heavily wounded.
You miss the +2 spectral club.
Ijyb zaps a wand.
The bolt of acid misses you.
You closely miss Ijyb.
Ijyb is heavily wounded.
You hit the +2 spectral club.
Ijyb shares her spectral weapon's damage!
You burn the +2 spectral club.
Ijyb shares her spectral weapon's damage!
The +2 spectral club disappears.
Ijyb hits you but does no damage. The +2 spectral club barely misses you.
A +2 spectral club comes into view.
You closely miss Ijyb.
Ijyb is severely wounded.
You miss the +2 spectral club.
Ijyb is no longer blind.
Ijyb closely misses you. The +2 spectral club hits you.
* * * LOW HITPOINT WARNING * * *
Throw: 5 darts (atropa)
Press: ? - help, Q - select action Shift-Dir - straight line, f/p - Ijyb
Aim: Ijyb, wielding a +2 spectral club, wearing a +0 leather armour and carrying a wand of acid (severely wounded, 40% to hit, chance to blind on hit: 75%)
You throw an atropa-tipped dart. The atropa-tipped dart hits Ijyb.
Ijyb resists.
Ijyb is severely wounded.
Ijyb hits you with a +2 spectral club.
* * * LOW HITPOINT WARNING * * *
The +2 spectral club hits you.
You die...

#...........# ##.# #.#
#.[.........# #.###.#
####...........# #####.....#
..............# #..........#
#..###....#...##..######.#..
#..#....##.#..[.# ##.### #
#.....###.#...### #..# #
#.##...##.#(#.....# ##.## #
+8.##.##.8g@..###. ###..# #
#...#'#...#(..# # #...## #
#..†'...##...# #.##.###
##.....##....# #....#####
##.8.## ....# ###......#
##.## ...... #.####.# # #+#
..###.. ##. #.# # #.#
#.##...###.### #.........)


You could see a +2 spectral club and Ijyb.

Vanquished Creatures
  Sigmund (D:3)
  An orc wizard (D:3)
  4 adders (D:2)
  2 orcs (D:3)
  4 bats
  6 endoplasms
  3 giant cockroaches
  5 goblins
  3 hobgoblins
  4 jackals (D:2)
  2 kobolds
  4 quokkas
  5 ball pythons
  3 frilled lizards (D:2)
  6 rats
53 creatures vanquished.

Notes
Turn   | Place    | Note
-------+----------+-------------------------------------------
     0 | D:1      | 601d51SH the Hill Orc Cinder Acolyte began the quest for
                  | the Orb.
     0 | D:1      | Reached XP level 1. HP: 19/19 MP: 2/2
   172 | D:1      | Reached XP level 2. HP: 17/27 MP: 3/3
   536 | D:1      | Found a faded altar of an unknown god.
   855 | D:2      | Reached XP level 3. HP: 31/33 MP: 3/5
  1068 | D:2      | Reached XP level 4. HP: 15/40 MP: 6/6
  1378 | D:2      | Found Maxzes's Book Boutique.
  1671 | D:3      | Noticed Sigmund
  1691 | D:3      | Killed Sigmund
  1692 | D:3      | Reached skill level 5 in Fighting
  1692 | D:3      | Reached skill level 5 in Axes
  1692 | D:3      | Reached XP level 5. HP: 10/48 MP: 6/8
  1692 | D:3      | Reached XP level 6. HP: 12/56 MP: 6/9
  1967 | D:3      | Found the ring of the Hare {EV+10}
  2015 | D:3      | Found a sacrificial altar of Ru.
  2161 | D:3      | Reached skill level 6 in Axes
  2260 | D:3      | Noticed Ijyb
  2283 | D:3      | HP: 1/56 [Ijyb/+2 spectral club (3)]
  2283 | D:3      | Slain by a +2 spectral club

Illustrated notes

Levels and vault maps discovered:
D:1:      lemuel_arrival_cross, layout_basic, chequers_ecumenical_altar_grove
D:2:      layout_loops_ring, serial_shops, nicolae_shop_behind_doors,
          nrook_campfire
D:3:      layout_rooms, nicolae_overflow_hidden_temple, grunt_decor_arrowhead,
          due_unseen_surprise, uniq_sigmund, uniq_ijyb

Skill      XL: |  1  2  3  4  5  6 |
---------------+-------------------+-----
Fighting       | 4 5 |  5.0
Fire Magic     | 4 |  4.6
Axes           | 5 6 |  6.0
Spellcasting   | 2 |  2.3

Action                     |  1- 3 |  4- 6 || total
---------------------------+-------+-------++-------
  Melee: Hand axe          |   101 |   134 ||   235
         Punch             |     2 |     2 ||     4
  Throw: Dart              |       |     2 ||     2
 Armour: Robe              |    17 |       ||    17
         Leather armour    |    63 |    15 ||    78
         Chain mail        |       |    85 ||    85
  Dodge: Dodged            |    85 |    73 ||   158
